| TOP OF THE 1ST |
|
Detroit Tigers batting - Pitching for Boston Red Sox : LHP Kenneth Kollmyer
|
|
Pitching: LHP Kenneth Kollmyer
|
|
|
Batting: RHB Tack Wilson
|
0-0: Foul Ball, location: 2F 0-1: Foul Ball, location: 2F 0-2: Strikes out looking
|
|
Batting: RHB Jose Hidalgo
|
0-0: Ball 1-0: Fly out, F3 (Line Drive, 3, EV 68.1 MPH)
|
|
Batting: SHB Tony Phillips
|
0-0: Swinging Strike 0-1: Ball 1-1: Called Strike 1-2: Ball 2-2: Strikes out swinging
|
| Top of the 1st over - 0 runs, 0 hits, 0 errors, 0 left on base; Detroit 0 - Boston 0 |
| BOTTOM OF THE 1ST |
|
Boston Red Sox batting - Pitching for Detroit Tigers : LHP Charlie Leibrandt
|
|
Pitching: LHP Charlie Leibrandt
|
|
|
Batting: RHB Richie Zisk
|
0-0: Ball 1-0: Ball 2-0: Foul Ball, location: 2F 2-1: Swinging Strike 2-2: Ball 3-2: Fly out, F2 (Popup, 3SF, EV 81.3 MPH)
|
|
Batting: LHB Willie Aikens
|
0-0: Ball 1-0: Ground out 4-3 (Groundball, 13, EV 93.1 MPH)
|
|
Batting: SHB Harry Chappas
|
0-0: Called Strike 0-1: Fly out, F8 (Flyball, 8LD, EV 102.5 MPH)
|
| Bottom of the 1st over - 0 runs, 0 hits, 0 errors, 0 left on base; Detroit 0 - Boston 0 |
| TOP OF THE 2ND |
|
Detroit Tigers batting - Pitching for Boston Red Sox : LHP Kenneth Kollmyer
|
|
Batting: RHB Dave Kingman
|
0-0: Called Strike 0-1: SINGLE (Groundball, 6D, EV 101.9 MPH)
|
|
Batting: RHB Keith Moreland
|
0-0: Ball 1-0: Foul Ball, location: 2F 1-1: Swinging Strike 1-2: Fly out, F8 (Flyball, 8LS, EV 91.3 MPH)
|
|
Batting: RHB Andre Thornton
|
0-0: Ball 1-0: Called Strike 1-1: Called Strike 1-2: Ball 2-2: SINGLE (Groundball, 34D, EV 100.6 MPH) Dave Kingman to second Runner from 2nd tries for 3rd, SAFE, no throw by RF
|
|
Batting: RHB Joey McEndree
|
0-0: Ball 1-0: Called Strike 1-1: Ball 2-1: Swinging Strike 2-2: DOUBLE (Line Drive, 78XD, EV 98.8 MPH) Dave Kingman scores Andre Thornton to third Runner from 3rd tries for Home, SAFE, no throw by LF
|
|
Batting: RHB Mike Sproles
|
0-0: Called Strike 0-1: Foul Ball, location: 2F 0-2: Ground out 6-3 (Groundball, 6MD, EV 101.3 MPH) Joey McEndree to third
|
|
Batting: SHB Raul Gonzalez
|
0-0: Ball 1-0: Called Strike 1-1: Ground out 6-3 (Groundball, 56, EV 86.3 MPH)
|
| Top of the 2nd over - 2 runs, 3 hits, 0 errors, 1 left on base; Detroit 2 - Boston 0 |
| BOTTOM OF THE 2ND |
|
Boston Red Sox batting - Pitching for Detroit Tigers : LHP Charlie Leibrandt
|
|
Batting: LHB George Brett
|
0-0: Ball 1-0: Ball 2-0: Ball 3-0: Called Strike 3-1: Base on Balls
|
|
Batting: SHB Reggie Smith
|
0-0: Ball 1-0: Called Strike 1-1: Called Strike 1-2: Foul Ball, location: 2F 1-2: Foul Ball, location: 2F 1-2: Foul Ball, location: 2F 1-2: Ball 2-2: Fly out, F8 (Flyball, 89M, EV 88.8 MPH)
|
|
Batting: LHB Claudell Washington
|
0-0: Fielders Choice at 2nd, 6-4 (Groundball, 6S, EV 86.9 MPH)
|
|
Batting: SHB Phil Ouellette
|
0-0: Called Strike 0-1: Ball 1-1: Ball 2-1: Foul Ball, location: 2F 2-2: Fielders Choice at 2nd, 5-4 (Groundball, 56, EV 101.3 MPH)
|
| Bottom of the 2nd over - 0 runs, 0 hits, 0 errors, 1 left on base; Detroit 2 - Boston 0 |
| TOP OF THE 3RD |
|
Detroit Tigers batting - Pitching for Boston Red Sox : LHP Kenneth Kollmyer
|
|
Batting: RHB Tack Wilson
|
0-0: Called Strike 0-1: Ball 1-1: Foul Ball, location: 2F 1-2: Strikes out swinging
|
|
Batting: RHB Jose Hidalgo
|
0-0: SINGLE (Groundball, 13S, EV 74.4 MPH) (infield hit)
|
|
Batting: SHB Tony Phillips
|
0-0: Foul Ball, location: 2F 0-1: Ball 1-1: Ball 2-1: Fly out, F7 (Flyball, 78D, EV 103.8 MPH)
|
|
Batting: RHB Dave Kingman
|
0-0: Ball 1-0: Ball 2-0: Fly out, F4 (Popup, 4, EV 80.6 MPH)
|
| Top of the 3rd over - 0 runs, 1 hit, 0 errors, 1 left on base; Detroit 2 - Boston 0 |
| BOTTOM OF THE 3RD |
|
Boston Red Sox batting - Pitching for Detroit Tigers : LHP Charlie Leibrandt
|
|
Batting: LHB Karl Pagel
|
0-0: Called Strike 0-1: Foul Ball, location: 2F 0-2: Ground out 4-3 (Groundball, 4, EV 78.1 MPH)
|
|
Batting: SHB Nelson Norman
|
0-0: Ball 1-0: Ball 2-0: Fly out, F8 (Flyball, 78D, EV 102.5 MPH)
|
|
Batting: RHB Richie Zisk
|
0-0: Ball 1-0: Foul Ball, location: 2F 1-1: Called Strike 1-2: Ball 2-2: Foul Ball, location: 2F 2-2: Ground out 5-3 (Groundball, 5, EV 90.0 MPH)
|
| Bottom of the 3rd over - 0 runs, 0 hits, 0 errors, 0 left on base; Detroit 2 - Boston 0 |
| TOP OF THE 4TH |
|
Detroit Tigers batting - Pitching for Boston Red Sox : LHP Kenneth Kollmyer
|
|
Batting: RHB Keith Moreland
|
0-0: Swinging Strike 0-1: Ball 1-1: Swinging Strike 1-2: Ball 2-2: Foul Ball, location: 2F 2-2: Strikes out swinging
|
|
Batting: RHB Andre Thornton
|
0-0: Called Strike 0-1: Ball 1-1: Ground out 6-3 (Groundball, 6, EV 80.0 MPH)
|
|
Batting: RHB Joey McEndree
|
0-0: Ball 1-0: Ball 2-0: Foul Ball, location: 2F 2-1: Ground out 4-3 (Groundball, 4, EV 103.1 MPH)
|
| Top of the 4th over - 0 runs, 0 hits, 0 errors, 0 left on base; Detroit 2 - Boston 0 |
| BOTTOM OF THE 4TH |
|
Boston Red Sox batting - Pitching for Detroit Tigers : LHP Charlie Leibrandt
|
|
Batting: LHB Willie Aikens
|
0-0: Fly out, F7 (Flyball, 7LD, EV 96.3 MPH)
|
|
Batting: SHB Harry Chappas
|
0-0: Called Strike 0-1: Ball 1-1: SINGLE (Line Drive, 7S, EV 101.9 MPH)
|
|
Batting: LHB George Brett
|
0-0: Swinging Strike 0-1: Ball 1-1: SINGLE (Line Drive, 7LS, EV 95.0 MPH) Harry Chappas to second
|
|
Batting: SHB Reggie Smith
|
0-0: Called Strike 0-1: Called Strike 0-2: Fly out, F9 (Flyball, 89XD, EV 90.0 MPH) Runner from 2nd tags up, SAFE at 3rd, no throw by RF
|
|
Batting: LHB Claudell Washington
|
0-0: Ball 1-0: Ground out 6-3 (Groundball, 6S, EV 69.4 MPH)
|
| Bottom of the 4th over - 0 runs, 2 hits, 0 errors, 2 left on base; Detroit 2 - Boston 0 |
| TOP OF THE 5TH |
|
Detroit Tigers batting - Pitching for Boston Red Sox : LHP Kenneth Kollmyer
|
|
Batting: RHB Mike Sproles
|
0-0: Ball 1-0: Ball 2-0: DOUBLE (Line Drive, 89D, EV 104.4 MPH)
|
|
Batting: SHB Raul Gonzalez
|
0-0: Ball 1-0: Sac Bunt to 15 - play at first, batter OUT! 1-3 Mike Sproles to third
|
|
Batting: RHB Tack Wilson
|
0-0: Called Strike 0-1: Called Strike Steal of home, Mike Sproles is out 0-2: Ball 1-2: Fly out, F8 (Flyball, 8LS, EV 91.3 MPH)
|
| Top of the 5th over - 0 runs, 1 hit, 0 errors, 0 left on base; Detroit 2 - Boston 0 |
| BOTTOM OF THE 5TH |
|
Boston Red Sox batting - Pitching for Detroit Tigers : LHP Charlie Leibrandt
|
|
Batting: SHB Phil Ouellette
|
0-0: Called Strike 0-1: Foul Ball, location: 2F 0-2: Fly out, F8 (Flyball, 8LD, EV 81.9 MPH)
|
|
Batting: LHB Karl Pagel
|
0-0: Ball 1-0: Foul Ball, location: 2F 1-1: Foul Ball, location: 2F 1-2: Foul Ball, location: 2F 1-2: Foul Ball, location: 2F 1-2: Fly out, F7 (Flyball, 78D, EV 95.6 MPH)
|
|
Batting: SHB Nelson Norman
|
0-0: Ball 1-0: Ball 2-0: Ball 3-0: Base on Balls
|
|
Batting: RHB Richie Zisk
|
0-0: Ball 1-0: Fielders Choice at 2nd, 6-4 (Groundball, 6, EV 85.6 MPH)
|
| Bottom of the 5th over - 0 runs, 0 hits, 0 errors, 1 left on base; Detroit 2 - Boston 0 |
| TOP OF THE 6TH |
|
Detroit Tigers batting - Pitching for Boston Red Sox : LHP Kenneth Kollmyer
|
|
Batting: RHB Jose Hidalgo
|
0-0: Ball 1-0: Ball 2-0: Ground out U3 (Groundball, 34S, EV 91.3 MPH)
|
|
Batting: SHB Tony Phillips
|
0-0: Ball 1-0: Called Strike 1-1: Foul Ball, location: 2F 1-2: Ball 2-2: Foul Ball, location: 2F 2-2: Strikes out swinging
|
|
Batting: RHB Dave Kingman
|
0-0: Called Strike 0-1: Ball 1-1: Called Strike 1-2: Strikes out looking
|
| Top of the 6th over - 0 runs, 0 hits, 0 errors, 0 left on base; Detroit 2 - Boston 0 |
| BOTTOM OF THE 6TH |
|
Boston Red Sox batting - Pitching for Detroit Tigers : LHP Charlie Leibrandt
|
|
Batting: LHB Willie Aikens
|
0-0: Called Strike 0-1: Ball 1-1: Called Strike 1-2: SINGLE (Groundball, 4S, EV 61.9 MPH) (infield hit)
|
|
Batting: SHB Harry Chappas
|
0-0: Swinging Strike 0-1: Ball 1-1: Swinging Strike 1-2: Strikes out swinging
|
|
Batting: LHB George Brett
|
0-0: Called Strike 0-1: SINGLE (Line Drive, 8RS, EV 101.3 MPH) Willie Aikens to second
|
|
Batting: SHB Reggie Smith
|
0-0: Ball 1-0: Ball 2-0: Foul Ball, location: 2F 2-1: Foul Ball, location: 2F 2-2: Strikes out swinging
|
|
Batting: LHB Claudell Washington
|
0-0: Swinging Strike 0-1: Ball 1-1: Ball 2-1: Swinging Strike 2-2: Ball 3-2: Base on Balls Willie Aikens to third George Brett to second
|
|
Batting: SHB Phil Ouellette
|
0-0: Fielders Choice at 2nd, 5-4 (Groundball, 5, EV 78.8 MPH)
|
| Bottom of the 6th over - 0 runs, 2 hits, 0 errors, 3 left on base; Detroit 2 - Boston 0 |
| TOP OF THE 7TH |
|
Detroit Tigers batting - Pitching for Boston Red Sox : LHP Kenneth Kollmyer
|
|
Batting: RHB Keith Moreland
|
0-0: Called Strike 0-1: Fly out, F8 (Flyball, 8LS, EV 89.4 MPH)
|
|
Batting: RHB Andre Thornton
|
0-0: Foul Ball, location: 2F 0-1: Ball 1-1: DOUBLE (Line Drive, 3D, EV 111.3 MPH)
|
|
Batting: RHB Joey McEndree
|
0-0: Intentional Walk
|
|
Batting: RHB Mike Sproles
|
0-0: Foul Ball, location: 2F 0-1: Called Strike 0-2: Strikes out looking
|
|
Batting: SHB Raul Gonzalez
|
0-0: Ball 1-0: Fielders Choice at 2nd, 6-4 (Groundball, 6, EV 81.9 MPH)
|
| Top of the 7th over - 0 runs, 1 hit, 0 errors, 2 left on base; Detroit 2 - Boston 0 |
| BOTTOM OF THE 7TH |
|
Boston Red Sox batting - Pitching for Detroit Tigers : LHP Charlie Leibrandt
|
|
Batting: LHB Karl Pagel
|
0-0: Ball 1-0: Ball 2-0: SINGLE (Line Drive, 7S, EV 90.0 MPH)
|
|
Pinch Runner at 1st Tito Landrum:
|
|
|
Batting: SHB Nelson Norman
|
0-0: Ball Tito Landrum steals 2nd base 1-0: Foul Ball, location: 2F 1-1: Ball 2-1: Swinging Strike 2-2: Foul Ball, location: 2F 2-2: Strikes out swinging
|
|
Batting: RHB Richie Zisk
|
0-0: Called Strike 0-1: Foul Ball, location: 2F 0-2: Ground out 5-3 (Groundball, 56, EV 83.8 MPH)
|
|
Batting: LHB Willie Aikens
|
0-0: Ball 1-0: Ball 2-0: Foul Ball, location: 2F 2-1: 2-RUN HOME RUN (Flyball, 89XD, EV 109.4 MPH), Distance : 450 ft
|
|
Batting: SHB Harry Chappas
|
0-0: Ball 1-0: Swinging Strike 1-1: Ground out 6-3 (Groundball, 56, EV 103.8 MPH)
|
| Bottom of the 7th over - 2 runs, 2 hits, 0 errors, 0 left on base; Detroit 2 - Boston 2 |
| TOP OF THE 8TH |
|
Detroit Tigers batting - Pitching for Boston Red Sox : LHP Kenneth Kollmyer
|
|
Now in CF: Tito Landrum
|
|
|
Batting: RHB Tack Wilson
|
0-0: Ball 1-0: Foul Ball, location: 2F 1-1: Foul Ball, location: 2F 1-2: Ball 2-2: Ground out 6-3 (Groundball, 6, EV 106.3 MPH)
|
|
Batting: RHB Jose Hidalgo
|
0-0: Ground out 5-3 (Groundball, 56, EV 103.8 MPH)
|
|
Batting: SHB Tony Phillips
|
0-0: Called Strike 0-1: Ball 1-1: Foul Ball, location: 2F 1-2: Foul Ball, location: 2F 1-2: Ball 2-2: Foul Ball, location: 2F 2-2: Fly out, F8 (Line Drive, 8LD, EV 93.1 MPH)
|
| Top of the 8th over - 0 runs, 0 hits, 0 errors, 0 left on base; Detroit 2 - Boston 2 |
| BOTTOM OF THE 8TH |
|
Boston Red Sox batting - Pitching for Detroit Tigers : LHP Charlie Leibrandt
|
|
Batting: LHB George Brett
|
0-0: Ground out 5-3 (Groundball, 56S, EV 71.9 MPH)
|
|
Batting: SHB Reggie Smith
|
0-0: Swinging Strike 0-1: Ball 1-1: Ball 2-1: SINGLE (Flyball, 7S, EV 93.8 MPH)
|
|
Batting: LHB Claudell Washington
|
0-0: Called Strike 0-1: Fly out, F5 (Popup, 5SF, EV 55.6 MPH)
|
|
Batting: SHB Phil Ouellette
|
Pickoff Throw to First - Out! 1-3
|
| Bottom of the 8th over - 0 runs, 1 hit, 0 errors, 0 left on base; Detroit 2 - Boston 2 |
| TOP OF THE 9TH |
|
Detroit Tigers batting - Pitching for Boston Red Sox : LHP Kenneth Kollmyer
|
|
Batting: RHB Dave Kingman
|
0-0: Foul Ball, location: 2F 0-1: Ball 1-1: Foul Ball, location: 2F 1-2: Ball 2-2: Strikes out looking
|
|
Batting: RHB Keith Moreland
|
0-0: Ground out U3 (Groundball, 3L, EV 85.0 MPH)
|
|
Batting: RHB Andre Thornton
|
0-0: Called Strike 0-1: Fly out, F6 (Popup, P, EV 76.9 MPH)
|
| Top of the 9th over - 0 runs, 0 hits, 0 errors, 0 left on base; Detroit 2 - Boston 2 |
| BOTTOM OF THE 9TH |
|
Boston Red Sox batting - Pitching for Detroit Tigers : LHP Charlie Leibrandt
|
|
Pinch Hitting: RHB Jeff Burroughs
|
0-0: Ball 1-0: Ball 2-0: Foul Ball, location: 2F 2-1: Ball 3-1: Base on Balls
|
|
Pinch Hitting: SHB Dave Collins
|
0-0: Fly out, F7 (Line Drive, 7, EV 93.1 MPH)
|
|
Pinch Hitting: RHB Devin Pike
|
0-0: Fly out, F7 (Flyball, 7S, EV 79.4 MPH)
|
|
Batting: RHB Richie Zisk
|
0-0: Called Strike 0-1: Called Strike 0-2: Fielders Choice at 2nd, 6-4 (Groundball, 6, EV 83.1 MPH)
|
| Bottom of the 9th over - 0 runs, 0 hits, 0 errors, 1 left on base; Detroit 2 - Boston 2 |
| TOP OF THE 10TH |
|
Detroit Tigers batting - Pitching for Boston Red Sox : LHP Kenneth Kollmyer
|
|
Now at C: Scotti Madison
|
|
|
Now at 3B: Jeff Burroughs
|
|
|
Now in RF: Devin Pike
|
|
|
Batting: RHB Joey McEndree
|
0-0: Ground out 3-1 (Groundball, 34, EV 104.4 MPH)
|
|
Pinch Hitting: SHB Lee Mazzilli
|
0-0: Called Strike 0-1: Swinging Strike 0-2: Foul Ball, location: 2F 0-2: Foul Ball, location: 2F 0-2: Strikes out swinging
|
|
Pinch Hitting: RHB Rusty Kuntz
|
0-0: Called Strike 0-1: Called Strike 0-2: Ground out 5-3 (Groundball, 5S, EV 75.6 MPH)
|
| Top of the 10th over - 0 runs, 0 hits, 0 errors, 0 left on base; Detroit 2 - Boston 2 |
| BOTTOM OF THE 10TH |
|
Boston Red Sox batting - Pitching for Detroit Tigers : LHP Charlie Leibrandt
|
|
Now in LF: Lee Mazzilli
|
|
|
Now in CF: Rusty Kuntz
|
|
|
Batting: LHB Willie Aikens
|
0-0: Ball 1-0: Ball 2-0: Called Strike 2-1: SINGLE (Flyball, 4MD, EV 90.6 MPH)
|
|
Batting: SHB Harry Chappas
|
0-0: Ball 1-0: Fly out, F9 (Line Drive, 9, EV 83.8 MPH)
|
|
Batting: LHB George Brett
|
0-0: Ball 1-0: Fly out, F9 (Flyball, 9LD, EV 95.0 MPH)
|
|
Batting: SHB Reggie Smith
|
0-0: Ball 1-0: Ball 2-0: Ball 3-0: Base on Balls Willie Aikens to second
|
|
Pitching: RHP J R Richard
|
|
|
Batting: LHB Claudell Washington
|
0-0: Called Strike 0-1: Foul Ball, location: 2F 0-2: SINGLE (Groundball, 34S, EV 65.0 MPH) (infield hit) Willie Aikens to third Reggie Smith to second
|
|
Batting: RHB Jeff Burroughs
|
0-0: Ball 1-0: Ball 2-0: Foul Ball, location: 2F 2-1: Foul Ball, location: 2F 2-2: Ball 3-2: Ground out 1-3 (Groundball, 13S, EV 63.8 MPH)
|
| Bottom of the 10th over - 0 runs, 2 hits, 0 errors, 3 left on base; Detroit 2 - Boston 2 |
| TOP OF THE 11TH |
|
Detroit Tigers batting - Pitching for Boston Red Sox : LHP Kenneth Kollmyer
|
|
Batting: RHB Tack Wilson
|
0-0: Called Strike 0-1: Ball 1-1: Fly out, F9 (Line Drive, 9, EV 100.0 MPH)
|
|
Batting: RHB Jose Hidalgo
|
0-0: Called Strike 0-1: Ball 1-1: Fly out, F6 (Popup, 6M, EV 65.0 MPH)
|
|
Pitching: RHP Bruce Sutter
|
|
|
Batting: SHB Tony Phillips
|
0-0: Called Strike 0-1: Fly out, F6 (Line Drive, 6, EV 73.8 MPH)
|
| Top of the 11th over - 0 runs, 0 hits, 0 errors, 0 left on base; Detroit 2 - Boston 2 |
| BOTTOM OF THE 11TH |
|
Boston Red Sox batting - Pitching for Detroit Tigers : RHP J R Richard
|
|
Batting: SHB Scotti Madison
|
0-0: Ball 1-0: Ball 2-0: Ball 3-0: Base on Balls
|
|
Batting: RHB Devin Pike
|
0-0: Sac Bunt to 23 - play at first, batter OUT! 3-4 Scotti Madison to second
|
|
Batting: RHB Richie Zisk
|
0-0: Foul Ball, location: 2F 0-1: Ball 1-1: Foul Ball, location: 2F 1-2: Foul Ball, location: 2F 1-2: Strikes out swinging
|
|
Batting: LHB Willie Aikens
|
0-0: Intentional Walk
|
|
Batting: SHB Harry Chappas
|
0-0: Called Strike 0-1: SINGLE (Groundball, 3D, EV 98.8 MPH) Scotti Madison to third Willie Aikens to second Runner from 3rd tries for Home, throw by RF and OUT! 9-2
|
| Bottom of the 11th over - 0 runs, 1 hit, 0 errors, 2 left on base; Detroit 2 - Boston 2 |
| TOP OF THE 12TH |
|
Detroit Tigers batting - Pitching for Boston Red Sox : RHP Bruce Sutter
|
|
Batting: RHB Dave Kingman
|
0-0: Called Strike 0-1: Fly out, F9 (Flyball, 89D, EV 108.1 MPH)
|
|
Batting: RHB Keith Moreland
|
0-0: Swinging Strike 0-1: Ball 1-1: Ball 2-1: Ground out 6-3 (Groundball, 56D, EV 101.3 MPH)
|
|
Batting: RHB Andre Thornton
|
0-0: Swinging Strike 0-1: Ball 1-1: Ball 2-1: Swinging Strike 2-2: Strikes out swinging
|
| Top of the 12th over - 0 runs, 0 hits, 0 errors, 0 left on base; Detroit 2 - Boston 2 |
| BOTTOM OF THE 12TH |
|
Boston Red Sox batting - Pitching for Detroit Tigers : RHP J R Richard
|
|
Batting: LHB George Brett
|
0-0: Ball 1-0: Swinging Strike 1-1: Ball 2-1: Fly out, F7 (Line Drive, 7, EV 97.5 MPH)
|
|
Batting: SHB Reggie Smith
|
0-0: Called Strike 0-1: Swinging Strike 0-2: Strikes out swinging, 2-3 out at first.
|
|
Batting: LHB Claudell Washington
|
0-0: Called Strike 0-1: Swinging Strike 0-2: Ball 1-2: Strikes out swinging
|
| Bottom of the 12th over - 0 runs, 0 hits, 0 errors, 0 left on base; Detroit 2 - Boston 2 |
| TOP OF THE 13TH |
|
Detroit Tigers batting - Pitching for Boston Red Sox : RHP Bruce Sutter
|
|
Batting: RHB Joey McEndree
|
0-0: Foul Ball, location: 2F 0-1: Ground out 4-3 (Groundball, 34, EV 101.9 MPH)
|
|
Batting: SHB Lee Mazzilli
|
0-0: Called Strike 0-1: Foul Ball, location: 2F 0-2: SINGLE (Flyball, 34D, EV 86.3 MPH)
|
|
Batting: RHB Rusty Kuntz
|
0-0: Called Strike 0-1: Called Strike 0-2: Ball 1-2: Ball 2-2: Ball 3-2: Foul Ball, location: 2F 3-2: Fly out, F8 (Flyball, 8RS, EV 87.5 MPH)
|
|
Batting: RHB Tack Wilson
|
Pickoff Throw to First - Error! E1 Lee Mazzilli to second 0-0: Intentional Walk
|
|
Batting: RHB Jose Hidalgo
|
0-0: Ball 1-0: Swinging Strike 1-1: Foul Ball, location: 2F 1-2: Ball 2-2: Foul Ball, location: 2F 2-2: Foul Ball, location: 2F 2-2: Strikes out swinging
|
| Top of the 13th over - 0 runs, 1 hit, 1 error, 2 left on base; Detroit 2 - Boston 2 |
| BOTTOM OF THE 13TH |
|
Boston Red Sox batting - Pitching for Detroit Tigers : RHP J R Richard
|
|
Batting: RHB Jeff Burroughs
|
0-0: Ball 1-0: Called Strike 1-1: Ball 2-1: Ball 3-1: Base on Balls
|
|
Batting: SHB Scotti Madison
|
0-0: Fielders Choice at 2nd, 4-6 (Groundball, 4, EV 87.5 MPH)
|
|
Batting: RHB Devin Pike
|
0-0: DOUBLE (Flyball, 78XD, EV 108.8 MPH) Scotti Madison to third Runner from 3rd tries for Home, SAFE, throw by CF to trailing runner, SAFE at third!
|
| Bottom of the 13th over - 1 run, 1 hit, 0 errors, 0 left on base; Detroit 2 - Boston 3 |
|